 Dungeon Crawl Stone Soup version 0.30-a0-900-g23479c02f2 (webtiles) character file.

Game seed: 1562975708063657530

112 Iniera the Chopper (level 4, -2/24 HPs)
             Began as a Vine Stalker Fighter on Mar 19, 2023.
             Slain by a gnoll
             ... wielding a +0 halberd
              (10 damage)
             ... on level 2 of the Dungeon.
             The game lasted 00:01:55 (1181 turns).

Iniera the Chopper (Vine Stalker Fighter)           Turns: 1181, Time: 00:01:56

Health: -2/24      AC:  6    Str: 20    XL:     4   Next: 93%
Magic:  0/5        EV:  9    Int:  8    God:
Gold:   84         SH:  4    Dex: 14    Spells: 3/3 levels left

rFire   . . .      SeeInvis .    a - +0 war axe
rCold   . . .      Faith    .    c - +0 buckler
rNeg    . . .      Spirit   +    i - +0 scale mail
rPois   .          Reflect  .    (no helmet)
rElec   .          Rampage  .    (no cloak)
rCorr   .                        (no gloves)
Will    .....                    (no boots) Stlth
                                 (no amulet)
HPRegen 1.04/turn                (no ring)
MPRegen 0.09/turn                (no ring)

@: no status effects
A: fangs 2, regeneration 1, magic shield, antimagic bite, no potion heal 2
a: no special abilities


You were on level 2 of the Dungeon.
You visited 1 branch of the dungeon, and saw 2 of its levels.

You collected 84 gold pieces.

Inventory:

Hand Weapons
 a - a +0 war axe (weapon)
 b - a +1 short sword of electrocution
Armour
 c - a +0 buckler (worn)
 i - a +0 scale mail (worn)
Scrolls
 g - a scroll of noise {unknown}
 h - a scroll of teleportation {unknown}
 j - a scroll of identify {unknown}
 k - 2 scrolls of amnesia {unknown}
Potions
 d - a potion of might
 e - a potion of curing {unknown}
 f - 3 potions of haste {unknown}
 l - a potion of degeneration {unknown}
 m - a potion of flight {unknown}


   Skills:
 + Level 3.2 Fighting
 * Level 4.1 Axes
 - Level 2.4 Armour
 - Level 2.6 Shields


You had 3 spell levels left.
You didn't know any spells.
Your spell library contained the following spells:

 Spells                   Type           Power      Damage    Failure   Level
 Lesser Beckoning         Tloc           0%         N/A       94%         2
 Gell's Gravitas          Tloc           0%         N/A       99%         3
 Ignite Poison            Fire/Tmut/Pois 0%         N/A       99%         3
 Teleport Other           Tloc           0%         N/A       99%         3
 Sticky Flame             Conj/Fire      0%         2d3       100%        4
 Freezing Cloud           Conj/Ice/Air   0%         6-21      100%        5
 Simulacrum               Ice/Necr       0%         N/A       100%        6
 Ignition                 Fire           0%         3d3       100%        8
 Polar Vortex             Ice            0%         N/A       100%        9


Dungeon Overview and Level Annotations

Branches:
Dungeon (2/15)

Altars:


Innate Abilities, Weirdness & Mutations

You have extremely sharp teeth.
Your natural rate of healing is unusually fast.
When hurt, damage is shared between your health and your magic reserves.
Your bite disrupts and absorbs the magic of your enemies.
Potions cannot restore your health.


Message History

The gnoll misses you. The gnoll completely misses you.
You block the gnoll's attack. The gnoll closely misses you.
You slash the gnoll! Your bite misses the gnoll.
The gnoll is severely wounded.
You closely miss the hobgoblin.
The hobgoblin hits you but does no damage.
The gnoll hits you from afar with a +0 spear.
The gnoll drinks a potion.
The gnoll is healed!
The gnoll closely misses you.
You hit the gnoll but do no damage. You bite the gnoll. You drain its power.
You feel invigorated.
The gnoll is moderately wounded.
You hit the hobgoblin. The hobgoblin hits you.
The gnoll hits you from afar with a +0 spear.
The gnoll hits you but does no damage.
The gnoll hits you from afar with a +0 halberd!
You closely miss the hobgoblin.
The hobgoblin is severely wounded.
You barely miss the gnoll. The hobgoblin barely misses you.
The gnoll hits you from afar with a +0 spear.
You block the gnoll's attack. The gnoll hits you but does no damage.
The hobgoblin barely misses you. The gnoll hits you with a +0 whip.
The gnoll completely misses you.
The gnoll hits you from afar with a +0 spear.
The hobgoblin attacks as you move away! The hobgoblin hits you.
You hit the hobgoblin.
You kill the hobgoblin!
You barely miss the gnoll. The gnoll hits you with a +0 whip.
You block the gnoll's attack. The gnoll barely misses you.
The gnoll attacks as you move away! The gnoll closely misses you.
You closely miss the gnoll. Your bite misses the gnoll.
The gnoll is moderately wounded.
The gnoll closely misses you. You block the gnoll's attack.
The gnoll attacks as you move away! The gnoll hits you with a +0 whip.
* * * LOW HITPOINT WARNING * * *
You hit the gnoll. You bite the gnoll! You drain its power.
You feel invigorated.
The gnoll is almost dead.
The gnoll hits you but does no damage. The gnoll hits you with a +0 whip.
The gnoll hits you from afar with a +0 halberd!
You die...

# #......## #.....†.... ####
......#######..#### ...###
.....######.<## ##...#
#............# ####.###
#..########g# ..##...######
#g....... #g# ............###
#.######. #g#
..†###..###...#####..## ...
.).<).†..###....@ggg..### .....
..)†##.....#.####................
......##.............#...#.......
##...............................
#.##.#####..###......##.......##
#...........# .............. ..#
####....#...#.##....####.....#.#
##.##..#.##....# #. ......
##....#.....# .. ..#...


You could see 3 gnolls.

Vanquished Creatures
  Terence (D:1)
  An adder (D:2)
  4 gnolls
  A dart slug (D:2)
  6 ball pythons
  3 endoplasms
  A giant cockroach (D:2)
  2 goblins (D:2)
  5 hobgoblins
  5 bats
  4 frilled lizards
  3 kobolds
  3 rats
39 creatures vanquished.

Notes
Turn   | Place    | Note
-------+----------+-------------------------------------------
     0 | D:1      | Iniera the Vine Stalker Fighter began the quest for the
                  | Orb.
     0 | D:1      | Reached XP level 1. HP: 11/11 MP: 2/2
    68 | D:1      | Reached skill level 2 in Axes
   210 | D:1      | Reached XP level 2. HP: 16/16 MP: 3/3
   852 | D:1      | Reached skill level 3 in Axes
   852 | D:1      | Reached XP level 3. HP: 12/19 MP: 2/4
   992 | D:2      | Noticed Terence
  1025 | D:1      | Killed Terence
  1026 | D:1      | Gained mutation: Your natural rate of healing is unusually
                  | fast. [Vine Stalker growth]
  1026 | D:1      | Reached XP level 4. HP: 4/24 MP: 1/5
  1100 | D:2      | Reached skill level 4 in Axes
  1181 | D:2      | Slain by a gnoll

Illustrated notes

Levels and vault maps discovered:
D:1:      giann_forest_graveyard, layout_loops_ring
D:2:      layout_rooms, minmay_ruptured, uniq_terence

Skill      XL: |  1  2  3  4 |
---------------+-------------+-----
Axes           | 2 3 4 |  4.1
Fighting       | 3 |  3.2
Armour         | |  2.4
Shields        | |  2.6

Action                     |  1- 3 |  4- 6 || total
---------------------------+-------+-------++-------
  Melee: War axe           |    72 |    25 ||    97
         Bite              |    12 |     5 ||    17
         Short sword       |     5 |       ||     5
 Armour: Scale mail        |    51 |    10 ||    61
  Dodge: Dodged            |    39 |    22 ||    61
  Block: Buckler           |    18 |     9 ||    27

Table legend: (Time is in decaauts)
 A = Elapsed time spent in this place.
 B = Non-inter-level travel time spent in this place.
 C = Inter-level travel time spent in this place.
 D = Time resting spent in this place.
 E = Time spent auto-exploring this place.
 F = Levels seen in this place.
 G = Mean time per level.
                   A        B        C        D        E       F      G
               +--------+--------+--------+--------+--------+-----+--------+
         Total |   1218 |   1087 |    131 |     33 |    788 |   2 |  609.0 |
       Dungeon |   1218 |   1087 |    131 |     33 |    788 |   2 |  609.0 |
               +--------+--------+--------+--------+--------+-----+--------+

Top non-repeatable levels by time:
     D:1: 988 daAuts
     D:2: 229 daAuts
